 Dungeon Crawl Stone Soup version 0.25-a0-1113-g0499d652a8 (webtiles) character file.

Game seed: 16145186681806059413, levelgen mode: deterministic

22 Flugslaktarn the Covered (level 2, 0/27 HPs)
             Began as a Deep Dwarf Fighter on May 16, 2020.
             Slain by a gnoll
             ... wielding a +0 flail
              (3 damage)
             ... on level 3 of the Dungeon.
             The game lasted 00:00:10 (199 turns).

Flugslaktarn the Covered (Deep Dwarf Fighter)        Turns: 199, Time: 00:00:10

Health: 0/27       AC:  6    Str: 19    XL:     2   Next: 68%
Magic:  2/2        EV:  7    Int:  8    God:
Gold:   18         SH:  9    Dex: 12    Spells: 1/1 levels left

rFire    . . .     SeeInvis .   a - +0 war axe
rCold    . . .     Gourm    .   c - +0 kite shield
rNeg     . . .     Faith    .   b - +0 scale mail
rPois    .         Spirit   .   (no helmet)
rElec    .         Reflect  .   (no cloak)
rCorr    .         Harm     .   (no gloves)
MR       .....                  (no boots)
Stlth    ..........             (no amulet)
HPRegen  0.00/turn              (no ring)
MPRegen  0.08/turn              (no ring)

@: non-regenerating
A: damage resistance, heal wounds, sense surroundings 1, no regeneration
a: Heal Wounds


You were on level 3 of the Dungeon.
You were not hungry.

You visited 1 branch of the dungeon, and saw 3 of its levels.

You collected 18 gold pieces.

Inventory:

Hand Weapons
 a - a +0 war axe (weapon)
Armour
 b - a +0 scale mail (worn)
 c - a +0 kite shield (worn)
Scrolls
 g - a scroll of identify {unknown}
 i - 2 scrolls of magic mapping {unknown}
 j - a scroll of remove curse {unknown}
Potions
 d - a potion of might
 f - a potion of lignification {unknown}
 h - a potion of stabbing {unknown}
Comestibles
 e - a ration


   Skills:
 + Level 2.9 Fighting
 * Level 2.8 Axes
 + Level 3.5 Armour
 + Level 3.5 Shields


You had one spell level left.
You didn't know any spells.
Your spell library was empty.

Dungeon Overview and Level Annotations

Branches:
Dungeon (3/15)

Altars:
Vehumet


Innate Abilities, Weirdness & Mutations

You are resistant to damage.
You can heal yourself by infusing magical energy.
You passively map a small area around you.
You do not regenerate.


Message History

The gnoll throws a throwing net.
You block the throwing net. You block the gnoll's attack.
The gnoll hits you but does no damage. The gnoll closely misses you.
You hit the gnoll.
The gnoll is severely wounded.
You hit the gnoll. You hit the rat.
You kill the rat!
You hit the gnoll. You block the gnoll's attack.
The gnoll hits you but does no damage. The gnoll hits you with a +0 flail!
The gnoll closely misses you.
Your shield and scale mail prevent you from hitting the gnoll.
The gnoll is almost dead.
You barely miss the gnoll. You closely miss the gnoll.
You block the gnoll's attack. The gnoll hits you with a +0 flail!
* * * LOW HITPOINT WARNING * * *
The gnoll hits you but does no damage. The gnoll closely misses you.
You are too injured to fight recklessly!
You block the hobgoblin's attack.
You fail to use your ability.
The gnoll hits you with a +0 flail.
You die...

, * .... , ,
#.... * , *#....
. ,##...., , *
,, .. #....## ,
,# , ...#.....#
.# , .........#
..#* * ,
...##...<##....
*
.......@.....%..
......ggg.......
,
....#.#g#.#.#.#.
,
......)?........
,
....#.#.#.#.#.#
,
................
....# #.#.#.#.#.
* , .... #..,
...., * ,...,
### ##.


You could see 3 gnolls and a hobgoblin.

Vanquished Creatures
  A gnoll (D:3)
  A worm (D:2)
  A leopard gecko (D:1)
  A bat (D:3)
  3 goblins
  3 rats
10 creatures vanquished.

Notes
Turn   | Place    | Note
-------+----------+-------------------------------------------
     0 | D:1      | Flugslaktarn the Deep Dwarf Fighter began the quest for the
                  | Orb.
     0 | D:1      | Reached XP level 1. HP: 20/20 MP: 1/1
   100 | D:2      | Found a radiant altar of Vehumet.
   104 | D:2      | Reached XP level 2. HP: 27/27 MP: 2/2
   199 | D:3      | Slain by a gnoll

Illustrated notes

Levels and vault maps discovered:
D:1:      dpeg_arrival_court, layout_rooms, st_stairs_4
D:2:      layout_loops_ring, vehumet_crystals, grunt_ministairs_10
D:3:      layout_rooms, first_ration, st_stairs_13

Action                   || total
-------------------------++-------
Melee: War axe           ||    43
 Abil: Heal Wounds       ||     1
Armor: Scale mail        ||    20
Dodge: Dodged            ||    19
Block: Kite shield       ||    28

Table legend:
 A = Non-vault XP
 B = Vault XP
 C = Vault XP percentage of total XP
 D = Non-vault monster count
 E = Vault monster count
 F = Vault count percentage of total count
                 A         B        C        D         E       F
            +---------+---------+-------+---------+---------+-------
      Total |      27 |       5 |  15.6 |       8 |       2 |  20.0
            +---------+---------+-------+---------+---------+-------
        D:1 |       0 |       5 | 100.0 |       0 |       2 | 100.0
        D:2 |       9 |       0 |   0.0 |       4 |       0 |   0.0
        D:3 |      18 |       0 |   0.0 |       4 |       0 |   0.0
            +---------+---------+-------+---------+---------+-------
